 Dungeon Crawl Stone Soup version 0.32-a0-702-gc29ba85809 (webtiles) character file.

Game seed: 17900248237466402919

259870 GordonOverkill the Severer (level 19, -11/161 HPs)
             Began as a Demonspawn Delver on Mar 14, 2024.
             Was the Champion of Okawaru.
             Mangled by a war gargoyle
             ... wielding a +1 dire flail of protection
             ... summoned by a boggart
              (37 damage)
             ... on level 4 of the Vaults.
             The game lasted 01:08:47 (37935 turns).

GordonOverkill the Severer (Demonspawn Delver)     Turns: 37935, Time: 01:08:48

Health: -11/161    AC: 25    Str: 17    XL:     19   Next: 54%
Magic:  0/37       EV: 14    Int: 18    God:    Okawaru [******]
Gold:   3241       SH: 22    Dex: 17    Spells: 18/18 levels left

rFire   + . .        I - +6 broad axe of the Burnt God {spect, Will+ Dex+2}
rCold   + + +        V - +0 tower shield of Okawaru's Regard {-Cast Will++}
rNeg    . . .        v - +7 Kryia's mail coat {PotionHeal*2 rC+}
rPois   +            F - +1 hat "Digituc" {rElec rPois SInv Stlth-}
rElec   +            Q - +2 cloak
rCorr   +            u - +2 pair of gloves
SInv    +            (boots unavailable)
Will    ++++.        B - amulet "Lanast Tito" {Rampage Regen+ MP+9 Int+3}
Stlth   +            a - +4 ring of slaying
HPRegen 1.26/turn    Z - ring of Tohoo {Fly rF+ rC++ rCorr Str-2 Int+3}
MPRegen 0.50/turn

%: no spellcasting, repel missiles, guardian spirit, rampage
@: flying
A: hooves 3, repulsion field 3, magic shield, magic regeneration, condensation
shield
}: 1/15 runes: gossamer
a: Renounce Religion, Heroism, Finesse, Duel


You were on level 4 of the Vaults.
You worshipped Okawaru.
Okawaru was exalted by your worship.
You visited 6 branches of the dungeon, and saw 31 of its levels.
You also visited: Gauntlet.

You collected 5313 gold pieces.
You spent 2072 gold pieces at shops.

Inventory:

Hand Weapons
 h - a +1 broad axe of freezing
 j - a +1 war axe of flaming
 D - a +4 spectral broad axe
 I - the +6 broad axe of the Burnt God (weapon) {spect, Will+ Dex+2}
   (You bought it in a shop on level 2 of the Orcish Mines)

   Dex+2:     It affects your dexterity (+2).
   Will+:     It increases your willpower.
Missiles
 H - 3 curare-tipped darts (quivered)
 U - 4 throwing nets
Armour
 u - a +2 pair of gloves (worn)
 v - the +7 Kryia's mail coat (worn) {PotionHeal*2 rC+}
   (Okawaru gifted it to you on level 3 of the Spider Nest)

   PotionHeal*2: Potions heal its wearer twice as much.
   rC+:       It protects you from cold.
 F - the +1 hat "Digituc" (worn) {rElec rPois SInv Stlth-}
   (You found it in a Gauntlet)

   rElec:     It insulates you from electricity.
   rPois:     It protects you from poison.
   SInv:      It lets you see invisible.
   Stlth-:    It makes you less stealthy.
 Q - a +2 cloak (worn)
 V - the +0 tower shield of Okawaru's Regard (worn) {-Cast Will++}
   (You took it off a minotaur in a Gauntlet)

   Will++:    It greatly increases your willpower.
   -Cast:     It prevents spellcasting.
 W - a +1 plate armour of fire resistance
Jewellery
 a - a +4 ring of slaying (left hand)
 e - a ring of ice
 f - an amulet of the acrobat
 i - a ring of flight
 r - the ring "Qexiareb" {rElec rF- Slay+4 SInv Stlth+}
   (You took it off a minotaur in a Gauntlet)

   [ring of slaying]

   Slay+4:    It affects your accuracy & damage with ranged weapons and melee
   (+4).
   rF-:       It makes you vulnerable to fire.
   rElec:     It insulates you from electricity.
   SInv:      It lets you see invisible.
   Stlth+:    It makes you more stealthy.
 B - the amulet "Lanast Tito" (around neck) {Rampage Regen+ MP+9 Int+3}
   (You found it in a Gauntlet)

   [amulet of regeneration]

   Int+3:     It affects your intelligence (+3).
   MP+9:      It affects your magic capacity (+9).
   Regen+:    It increases your rate of health regeneration.
   Rampage:   It bestows one free step when moving towards enemies.
 Z - a ring of Tohoo (right hand) {Fly rF+ rC++ rCorr Str-2 Int+3}
   (You found it in a Gauntlet)

   [ring of flight]

   Str-2:     It affects your strength (-2).
   Int+3:     It affects your intelligence (+3).
   rF+:       It protects you from fire.
   rC++:      It greatly protects you from cold.
   Fly:       It grants you flight.
   rCorr:     It protects you from acid and corrosion.
Wands
 g - a wand of digging (3)
 l - a wand of flame (59)
 A - a wand of mindburst (45)
 L - a wand of quicksilver (9)
 O - a wand of warping (35)
Scrolls
 c - 5 scrolls of fog
 k - 5 scrolls of identify
 s - 4 scrolls of immolation
 t - 4 scrolls of vulnerability
 w - 2 scrolls of fear
 x - 2 scrolls of blinking
 y - 6 scrolls of poison
 z - 13 scrolls of teleportation
 C - 4 scrolls of silence
 E - 2 scrolls of enchant armour
 G - a scroll of revelation
 K - a scroll of torment
 M - a scroll of amnesia
Potions
 b - 7 potions of mutation
 d - 5 potions of haste
 m - 5 potions of enlightenment
 n - 2 potions of magic
 o - a potion of resistance
 p - 8 potions of heal wounds
 q - 10 potions of curing
 J - 3 potions of brilliance
 N - 3 potions of ambrosia
 R - 2 potions of cancellation
 S - 3 potions of lignification
 T - a potion of attraction
 X - 5 potions of berserk rage
 Y - 5 potions of invisibility
Miscellaneous
 P - a lightning rod (4/4)


   Skills:
 - Level 17.0 Fighting
 - Level 20.0 Axes
 - Level 1.0 Throwing
 - Level 15.0 Armour
 - Level 6.0 Dodging
 - Level 4.5 Stealth
 + Level 12.9 Shields
 - Level 12.0 Invocations
 - Level 5.0 Evocations


You had 18 spell levels left.
You didn't know any spells.
Your spell library contained the following spells:

 Spells                   Type           Power      Damage    Failure   Level
 Foxfire                  Conj/Fire      0%         2x1d4     90%         1
 Freeze                   Ice            0%         1d3       90%         1
 Magic Dart               Conj           0%         1d3       90%         1
 Mercury Vapours          Alch/Air       0%         N/A       97%         2
 Searing Ray              Conj           0%         2d4       97%         2
 Static Discharge         Conj/Air       0%         3-3/arc   97%         2
 Dazzling Flash           Conj/Hex       0%         N/A       99%         3
 Frozen Ramparts          Ice            0%         1d1       99%         3
 Gell's Gravitas          Tloc           0%         N/A       99%         3
 Hailstorm                Conj/Ice       0%         3d5       99%         3
 Inner Flame              Hex/Fire       0%         N/A       99%         3
 Mephitic Cloud           Conj/Alch/Air  0%         N/A       99%         3
 Teleport Other           Tloc           0%         N/A       99%         3
 Airstrike                Air            0%         2d(0-16)  100%        4
 Cause Fear               Hex            0%         N/A       100%        4
 Flame Wave               Conj/Fire      0%         2d4       100%        4
 Fulminant Prism          Conj/Alch      0%         3d5       100%        4
 Passage of Golubria      Tloc           0%         N/A       100%        4
 Sticky Flame             Fire/Alch      0%         2d4       100%        4
 Borgnjor's Vile Clutch   Necr/Erth      0%         N/A       100%        5
 Fireball                 Conj/Fire      0%         3d3       100%        5
 Freezing Cloud           Conj/Ice/Air   0%         6-21      100%        5
 Lee's Rapid Deconstruct  Erth           0%         3d4*      100%        5
 Yara's Violent Unravell  Hex/Alch       0%         3d3       100%        5
 Conjure Ball Lightning   Conj/Air       0%         3x3d6     100%        6
 Dispersal                Tloc           0%         N/A       100%        6
 Plasma Beam              Fire/Air       0%         2x1d10    100%        6
 Starburst                Conj/Fire      0%         6d3       100%        6
 Discord                  Hex            0%         N/A       100%        8
 Disjunction              Tloc           0%         N/A       100%        8
 Maxwell's Capacitive Co  Air            0%         ∞         100%        8
 Tukima's Dance           Hex            Unusable   N/A       N/A         3
 Animate Armour           Summ/Erth      Unusable   N/A       N/A         4
 Animate Dead             Necr           Unusable   N/A       N/A         4
 Summon Lightning Spire   Summ/Air       Unusable   N/A       N/A         4
 Death Channel            Necr           Unusable   N/A       N/A         6
 Dragon's Call            Summ           Unusable   N/A       N/A         9

Dungeon Overview and Level Annotations

Branches:
Dungeon (15/15)            Temple (1/1) D:4            Lair (5/5) D:9
 Shoals (0/4) Lair:2       Spider (4/4) Lair:2        Slime (0/5) Lair:5
    Orc (2/2) D:10            Elf (0/3) Orc:2        Vaults (4/5) D:13
  Crypt (0/3) Vaults:3     Depths (0/4) D:15        Gauntlet (visited)

Altars:
Ashenzari
Cheibriados
Dithmenos
Fedhas
Gozag
Hepliaklqana
Kikubaaqudgha
Makhleb
Nemelex Xobeh
Okawaru
Qazlal
Ru
Sif Muna
Trog
Uskayaw
Vehumet
Wu Jian
Xom
Yredelemnul
Beogh

Shops:
D:5 (   D:8 :   D:12 [   D:14 (*   Orc:2 (*:[

Annotations:
D:4 exclusion: oklob plant
D:5 Pikel
D:7 1 runed translucent door, 2 transporters, Pascal76's ghost, novice MiFi
D:9 2 transporters, hattey's ghost, novice HuWn
D:11 3 runed translucent doors, crabbyslav's ghost, journeyman OnSh


Innate Abilities, Weirdness & Mutations

You have hooves in place of feet.
You are surrounded by a strong repulsion field. (EV +4, RMsl)
When hurt, damage is shared between your health and your magic reserves.
You regenerate magic rapidly.
A meltable shield of frost defends you. (SH +4)


Message History

You barely miss the war gargoyle. You slash the ironbound convoker!
Your +6 broad axe of the Burnt God {spect, Will+ Dex+2} hits the boggart.
Your +6 broad axe of the Burnt God {spect, Will+ Dex+2} hits the war gargoyle but does no damage.
The war gargoyle launches metal splinters at your +6 broad axe of the Burnt God {spect, Will+ Dex+2}.
The spray of metal splinters hits your +6 broad axe of the Burnt God {spect, Will+ Dex+2}!!
Your spectral weapon shares its damage with you!
Your +6 broad axe of the Burnt God {spect, Will+ Dex+2} disappears.
* * * LOW HITPOINT WARNING * * *
The ironbound convoker gestures at the slime creature while chanting.
The slime creature seems to grow stronger.
You slice the slime creature!! You kick the slime creature!
The slime creature is heavily wounded.
You hit the war gargoyle but do no damage.
You completely miss the ironbound convoker.
Your +6 broad axe of the Burnt God {spect, Will+ Dex+2} hits the slime creature!
The slime creature quivers.
Your +6 broad axe of the Burnt God {spect, Will+ Dex+2} hits the war gargoyle but does no damage.
The war gargoyle hits you with a +1 dire flail of protection!
* * * LOW HITPOINT WARNING * * *
You block the ironbound convoker's attack.
You hit the ironbound convoker.
You kick the ironbound convoker, but do no damage.
The ironbound convoker is moderately wounded.
You hit the war gargoyle but do no damage.
You barely miss the slime creature.
Your +6 broad axe of the Burnt God {spect, Will+ Dex+2} hits the slime creature.
Your +6 broad axe of the Burnt God {spect, Will+ Dex+2} hits the boggart.
The boggart shouts!
Your +6 broad axe of the Burnt God {spect, Will+ Dex+2} hits the war gargoyle but does no damage.
You hear a horrible gurgling sound!
The war gargoyle hits you with a +1 dire flail of protection!!!
* * * LOW HITPOINT WARNING * * *
The war gargoyle hits you with a +1 dire flail of protection!!
* * * LOW HITPOINT WARNING * * *
You block the slime creature's attack.
You swap places.
Your +6 broad axe of the Burnt God {spect, Will+ Dex+2} disappears.
The boggart attacks as it pursues you! You block the boggart's attack.
The war gargoyle hits you with a +1 dire flail of protection!!!
You die...

#.......# #.......#
#.......# ######''####
##### #......# #...####
#......# #
#......####......# +.
#.........#......# +..
#.@.....<.'......# #..J
#9g.......#......#
#..g$#pJ.......'......#
#..gup.........########
#..u9#......####
+....#...#### ###'
##### .. ..


You could see a vault guard (summoned), a slime creature (summoned, strong), a
war gargoyle (summoned, strong, catching breath), an ironbound convoker
(summoned), a peacekeeper (summoned) and a boggart (invisible).

Vanquished Creatures
  The ghost of mojasp the Slayer, an adept FoHu of Hepliaklqana (Spider:4)
  2 sphinxes
  Gastronok (D:10)
  The ghost of Lennaol the Scorcher, an adept HuFE of Vehumet (Spider:4)
  Agnes (Spider:1)
  Aizul (Spider:1)
  A tengu reaver (D:14)
  A fire giant (Vaults:2)
  The ghost of Ihilaj the Convoker, an adept MfSu of Sif Muna (Spider:4)
  7 vault wardens
  5 emperor scorpions
  4 ghost moths
  A balrug (Orc:1)
  An orc warlord (D:13)
  The ghost of Nuutul the Unseen, an adept SpEn of Dithmenos (Spider:4)
  4 formless jellyfish
  4 broodmothers
  16 ironbound preservers
  An ironbound thunderhulk (Vaults:3)
  2 war gargoyles (Vaults:2)
  7 dire elephants
  A minotaur (Gauntlet)
  7 spark wasps
  8 yaktaur captains
  A deep elf high priest (Vaults:3)
  3 crystal guardians (Vaults:2)
  3 fire dragons
  Josephine (D:12)
  8 entropy weavers
  An entropy weaver (shapeshifter) (D:14)
  A rakshasa (D:15)
  Erolcha (D:12)
  4 great orbs of eyes
  6 catoblepae
  6 hydras
  Harold (D:11)
  2 vault guards
  9 ironbound frosthearts
  A jorogumo (Spider:4)
  3 peacekeepers (Vaults:2)
  6 boulder beetles
  An ogre mage (Vaults:2)
  4 death knights
  3 radroaches
  8 two-headed ogres
  10 centaur warriors
  9 death scarabs (Spider:4)
  Urug (D:10)
  A tengu warrior (D:14)
  5 orc high priests
  11 demonic crawlers
  8 death yaks
  Nergalle (D:12)
  A shadow wraith (Vaults:3)
  4 pharaoh ants
  4 skeletal warriors
  6 orb spiders
  29 deep trolls
  3 lindwurms
  An obsidian statue (Gauntlet)
  7 arcanists
  7 steelbarb worms
  A harpy (Vaults:1)
  A deep elf pyromancer (D:15)
  A wolf spider zombie (Spider:4)
  2 sun moths
  14 ironbound convokers
  2 spectral wolf spiders (Spider:4)
  A necromancer (Vaults:1)
  A spectral jorogumo (Spider:4)
  4 orc knights (D:14)
  12 ugly things
  4 orc sorcerers
  A human zombie (Vaults:1)
  A phantasmal warrior (Vaults:1)
  5 manticores
  21 wolf spiders
  5 moths of wrath
  4 cyclopes
  9 meliai
  A merfolk siren (Lair:2)
  27 elephants
  8 black mambas
  2 kobold blastminers (Orc:1)
  13 vault sentinels
  2 stone giant skeletons (Vaults:1)
  6 torpor snails
  9 cane toads
  2 orange demons (Orc:2)
  A cane toad (shapeshifter) (D:13)
  A gargoyle (D:10)
  An efreet (D:15)
  2 spectral redbacks (Spider:4)
  18 yaktaurs
  4 freezing wraiths
  4 tengu conjurers
  10 komodo dragons
  A redback zombie (Spider:4)
  4 rime drakes
  A polar bear (shapeshifter) (D:15)
  5 trolls
  3 merfolk (Lair:2)
  5 polar bears
  A hornet (D:11)
  36 tarantellas
  2 culicivora zombies (Spider:4)
  36 blink frogs
  5 spectral tarantellas (Spider:4)
  3 jumping spider zombies (Spider:4)
  28 jumping spiders
  Sigmund (D:5)
  2 tarantella zombies (Spider:4)
  A vampire (D:14)
  35 slime creatures
  3 wyverns
  23 culicivoras
  8 shadows
  9 wraiths
  55 yaks
  A basilisk (Lair:2)
  Grum (D:8)
  6 vampire mosquitoes (D:11)
  61 redbacks
  An acid dragon (D:10)
  13 water moccasins
  4 ice beasts
  A sky beast (D:6)
  A black bear (D:7)
  33 orc warriors
  3 ogres
  2 boggarts (Vaults:4)
  24 wolves
  6 centaurs
  2 phantoms
  A lemure (D:4)
  2 kobold brigands
  15 bullfrogs
  2 gnoll sergeants
  10 scorpions
  4 wights (D:8)
  21 killer bees
  15 howler monkeys
  2 electric eels
  3 bombardier beetles
  41 orc priests
  A gnoll bouda (D:5)
  2 jellies (Gauntlet)
  4 hounds
  A sleepcap (D:4)
  Terence (D:2)
  4 iguanas
  27 orc wizards
  8 adders
  7 gnolls
  3 white imps
  2 ufetubi (D:12)
  A ribbon worm (D:2)
  83 orcs
  A bat (D:1)
  7 endoplasms
  6 giant cockroaches
  5 goblins
  9 hobgoblins
  3 jackals (D:3)
  3 quokkas
  5 ball pythons
  A frilled lizard (D:1)
  11 kobolds
  6 rats
1203 creatures vanquished.

Vanquished Creatures (others)
  An entropy weaver (Vaults:2)
  A vault sentinel (Vaults:2)
  A wolf (Lair:2)
  A scorpion (Lair:2)
  48 spectral weapons
52 creatures vanquished.

Grand Total: 1255 creatures vanquished

Notes
Turn   | Place    | Note
-------+----------+-------------------------------------------
     0 | D:5      | GordonOverkill the Demonspawn Delver began the quest for
                  | the Orb.
     0 | D:5      | Reached XP level 1. HP: 18/18 MP: 1/1
     1 | D:6      | Noticed a howler monkey
     1 | D:6      | Noticed a hound
     6 | D:5      | Noticed an iguana
     9 | D:5      | Noticed Sigmund
    13 | D:4      | Noticed a phantom
   127 | D:4      | Reached skill level 2 in Axes
   236 | D:4      | Noticed a sleepcap
   293 | D:3      | Gained mutation: You have large cloven feet. [demonic
                  | ancestry]
   293 | D:3      | Reached XP level 2. HP: 19/24 MP: 2/2
   443 | D:3      | Reached skill level 3 in Axes
   447 | D:3      | Reached XP level 3. HP: 8/29 MP: 3/3
   575 | D:2      | Found a faded altar of an unknown god.
   602 | D:2      | Noticed Terence
   613 | D:2      | Killed Terence
   806 | D:1      | Reached XP level 4. HP: 26/35 MP: 4/4
   895 | D:1      | Reached skill level 4 in Axes
  2138 | D:3      | Gained mutation: A meltable shield of frost defends you.
                  | (SH +4) [demonic ancestry]
  2138 | D:3      | Reached XP level 5. HP: 41/41 MP: 5/5
  2291 | D:3      | Reached skill level 5 in Axes
  2347 | D:3      | Identified the +3 war axe of Miaxzoimn {freeze, Str+2}
  3088 | D:4      | Found a staircase to the Ecumenical Temple.
  3098 | Temple   | Entered the Ecumenical Temple
  3118 | Temple   | Became a worshipper of Warmaster Okawaru
  3139 | D:4      | Killed a phantom
  3140 | D:4      | Reached skill level 1 in Throwing
  3140 | D:4      | Gained mutation: You are surrounded by a mild repulsion
                  | field. (EV +2) [demonic ancestry]
  3140 | D:4      | Reached XP level 6. HP: 44/47 MP: 6/6
  3371 | D:4      | Reached skill level 6 in Axes
  3477 | D:4      | Found a blossoming altar of Fedhas.
  3516 | D:4      | Noticed an oklob plant
  3635 | D:5      | Noticed Pikel
  3801 | D:5      | Reached skill level 1 in Invocations
  3837 | D:4      | Reached * piety under Okawaru
  4072 | D:5      | Killed Sigmund
  4073 | D:5      | Gained mutation: You have hoof-like feet. [demonic
                  | ancestry]
  4073 | D:5      | Reached XP level 7. HP: 52/54 MP: 8/8
  4122 | D:5      | Reached skill level 7 in Axes
  4196 | D:5      | Identified the +3 arbalest "Araropez" {freeze, rN+ Int+2}
  4252 | D:5      | Reached ** piety under Okawaru
  4391 | D:5      | Found Aruozih's Antique Weapon Shop.
  4515 | D:5      | Reached skill level 8 in Axes
  4554 | D:5      | Reached XP level 8. HP: 27/60 MP: 8/10
  4846 | D:6      | Reached skill level 9 in Axes
  4928 | D:6      | Reached *** piety under Okawaru
  5307 | D:6      | Reached skill level 10 in Axes
  5386 | D:7      | Found a runed translucent door.
  5390 | D:7      | Found a basalt altar of Yredelemnul.
  5489 | D:7      | Noticed a queen bee
  5493 | D:7      | Noticed a cyclops
  5500 | D:7      | Killed a cyclops
  5501 | D:7      | Reached skill level 5 in Fighting
  5501 | D:7      | Reached XP level 9. HP: 46/69 MP: 9/12
  5580 | D:7      | Found a transporter.
  5585 | D:7      | Found a transporter.
  5590 | D:7      | Noticed Pascal76's ghost (novice MiFi)
  5755 | D:7      | Found a hazy altar of Hepliaklqana.
  6171 | D:7      | Reached skill level 11 in Axes
  6518 | D:8      | Found an ancient bone altar of Kikubaaqudgha.
  6518 | D:8      | Found a hide-covered altar of Uskayaw.
  6525 | D:8      | Noticed Grum
  6529 | D:8      | Reached **** piety under Okawaru
  6576 | D:8      | Killed Grum
  6851 | D:8      | Reached skill level 12 in Axes
  6910 | D:8      | Reached XP level 10. HP: 73/76 MP: 13/13
  7355 | D:8      | Found Xikont's Vocational Training.
  7441 | D:8      | Reached skill level 5 in Invocations
  7725 | D:9      | Found a staircase to the Lair.
  7874 | D:9      | Noticed a two-headed ogre
  7883 | D:9      | Killed a two-headed ogre
  7953 | D:9      | Reached skill level 13 in Axes
  8173 | D:9      | Noticed hattey's ghost (novice HuWn)
  8193 | D:9      | Found a transporter.
  8199 | D:9      | Found a transporter.
  8772 | D:10     | Entered Level 10 of the Dungeon
  9103 | D:10     | Found a staircase to the Orcish Mines.
  9103 | D:10     | Noticed a gargoyle
  9110 | D:10     | Killed a gargoyle
  9190 | D:10     | Noticed a two-headed ogre
  9202 | D:10     | Killed a two-headed ogre
  9202 | D:10     | Reached ***** piety under Okawaru
  9203 | D:10     | Reached skill level 14 in Axes
  9367 | D:10     | Noticed Urug
  9389 | D:10     | Killed Urug
  9390 | D:10     | Reached XP level 11. HP: 83/83 MP: 7/14
  9473 | D:10     | Noticed Gastronok
  9486 | D:10     | Killed Gastronok
 10134 | D:11     | Noticed a two-headed ogre
 10141 | D:11     | Killed a two-headed ogre
 10332 | D:11     | Noticed a purple ugly thing
 10339 | D:11     | Killed a purple ugly thing
 10382 | D:11     | Noticed a fire giant
 10384 | D:11     | Found a runed translucent gate.
 10385 | D:11     | Found a runed translucent gate.
 10385 | D:11     | Found a runed translucent gate.
 10385 | D:11     | Noticed crabbyslav's ghost (journeyman OnSh)
 10386 | D:11     | Noticed a two-headed ogre
 10390 | D:11     | Reached skill level 10 in Fighting
 10397 | D:11     | Killed a two-headed ogre
 10480 | D:11     | Found a sparkling altar of Nemelex Xobeh.
 10488 | D:11     | Noticed Harold
 10504 | D:11     | Killed Harold
 10989 | D:12     | Noticed Erolcha
 11396 | D:12     | Killed Erolcha
 11420 | D:12     | Noticed a two-headed ogre
 11431 | D:12     | Killed a two-headed ogre
 11455 | D:12     | Noticed a death yak
 11627 | D:12     | Killed a death yak
 11695 | D:12     | Reached skill level 15 in Axes
 11697 | D:12     | Gained mutation: You are surrounded by a moderate repulsion
                  | field. (EV +3) [demonic ancestry]
 11697 | D:12     | Reached XP level 12. HP: 67/97 MP: 15/15
 11739 | D:12     | Noticed Josephine
 11871 | D:12     | Killed Josephine
 11871 | D:12     | Received a gift from Okawaru
 11940 | D:12     | Reached skill level 16 in Axes
 11944 | D:12     | Reached skill level 1 in Armour
 11949 | D:12     | Received a gift from Okawaru
 12439 | D:12     | Found Cizuq's Antique Armour Emporium.
 12447 | D:12     | Bought a runed plate armour for 728 gold pieces
 12867 | D:12     | Noticed Nergalle
 12874 | D:12     | Noticed a two-headed ogre
 12888 | D:12     | Killed Nergalle
 12889 | D:12     | Reached skill level 5 in Armour
 12889 | D:12     | Killed a two-headed ogre
 13201 | D:13     | Noticed a centaur warrior
 13213 | D:13     | Killed a centaur warrior
 13296 | D:13     | Noticed a death knight
 13466 | D:13     | Found a gate leading to a gauntlet.
 13475 | Gauntlet | Entered a Gauntlet
 13475 | Gauntlet | Found a transporter.
 13475 | Gauntlet | Found a transporter.
 13475 | Gauntlet | Found a transporter.
 13495 | Gauntlet | Found a transporter.
 13505 | Gauntlet | Found a transporter.
 13509 | Gauntlet | Found a transporter.
 13519 | Gauntlet | Found a transporter.
 13540 | Gauntlet | Found a transporter.
 13557 | Gauntlet | Found a transporter.
 13561 | Gauntlet | Found a transporter.
 13571 | Gauntlet | Found a transporter.
 13575 | Gauntlet | Found a transporter.
 13710 | Arena    | Entered the Arena
 13741 | Gauntlet | Reached XP level 13. HP: 66/103 MP: 3/16
 13855 | Gauntlet | Reached skill level 5 in Shields
 13856 | Gauntlet | Identified the amulet "Lanast Tito" {Rampage Regen+ MP+9
                  | Int+3}
 13860 | Gauntlet | Identified the +1 hat "Digituc" {rElec rPois SInv Stlth-}
 13914 | Gauntlet | Identified the +7 swamp dragon scales of Qukhi {Rampage
                  | rPois}
 13914 | Gauntlet | Identified the +0 tower shield of Okawaru's Regard {-Cast
                  | Will++}
 13914 | Gauntlet | Identified the ring "Qexiareb" {rElec rF- Slay+4 SInv
                  | Stlth+}
 13914 | Gauntlet | Noticed a minotaur
 13940 | Gauntlet | Killed a minotaur
 13947 | Gauntlet | Identified a ring of Tohoo {Fly rF+ rC++ rCorr Str-2 Int+3}
 13950 | Gauntlet | Identified the +0 trident of the Hand {flame, rPois rF+}
 13952 | Gauntlet | Identified the +2 acid dragon scales "Dufrel" {rF+ Will+
                  | rCorr}
 14602 | D:13     | Found a gate to the Vaults.
 14889 | Lair:1   | Entered Level 1 of the Lair of Beasts
 15056 | Lair:1   | Received a gift from Okawaru
 15057 | Lair:1   | Reached skill level 17 in Axes
 16353 | Lair:2   | Found a staircase to the Shoals.
 16370 | Lair:2   | Received a gift from Okawaru
 16371 | Lair:2   | Reached skill level 18 in Axes
 16545 | Lair:2   | Found a hole to the Spider Nest.
 16559 | Lair:2   | Gained mutation: You regenerate magic rapidly. [demonic
                  | ancestry]
 16559 | Lair:2   | Reached XP level 14. HP: 54/108 MP: 13/20
 17679 | Lair:3   | Received a gift from Okawaru
 18666 | Lair:5   | Entered Level 5 of the Lair of Beasts
 18672 | Lair:5   | Received a gift from Okawaru
 19111 | Lair:5   | Received a gift from Okawaru
 19888 | Lair:5   | Reached XP level 15. HP: 124/126 MP: 21/21
 20152 | Lair:5   | Received a gift from Okawaru
 20153 | Lair:5   | Reached skill level 19 in Axes
 20432 | Lair:5   | Found a staircase to the Slime Pits.
 21144 | D:14     | Noticed a tengu reaver
 21153 | D:14     | Killed a tengu reaver
 21203 | D:15     | Entered Level 15 of the Dungeon
 21401 | D:14     | Found a hide-covered altar of Uskayaw.
 21550 | D:14     | Received a gift from Okawaru
 22142 | D:14     | Found Zibijodgh's Weapon Emporium.
 22225 | D:14     | Found Huvvauph's Assorted Antiques.
 22233 | D:14     | Bought 2 murky golden potions for 63 gold pieces
 22233 | D:14     | Bought a potion of invisibility for 280 gold pieces
 22233 | D:14     | Bought a scroll of fear for 140 gold pieces
 22233 | D:14     | Bought a scroll of blinking for 262 gold pieces
 22469 | D:14     | Reached skill level 20 in Axes
 22754 | D:14     | Found a roughly hewn altar of Beogh.
 23142 | D:15     | Reached skill level 10 in Invocations
 23547 | D:15     | Found a staircase to the Depths.
 24052 | Orc:1    | Entered Level 1 of the Orcish Mines
 24075 | Orc:1    | Received a gift from Okawaru
 24226 | Orc:1    | Found a radiant altar of Vehumet.
 24452 | Orc:1    | Found a runed translucent door.
 24875 | Orc:2    | Entered Level 2 of the Orcish Mines
 25339 | Orc:2    | Found Dygyph's Antique Weapon Emporium.
 25347 | Orc:2    | Bought an ancient broad axe for 324 gold pieces
 25347 | Orc:2    | Identified the +6 broad axe of the Burnt God {spect, Will+
                  | Dex+2} (You bought it in a shop on level 2 of the Orcish
                  | Mines)
 26107 | Orc:2    | Gained mutation: You have hooves in place of feet. [demonic
                  | ancestry]
 26107 | Orc:2    | Reached XP level 16. HP: 54/124 MP: 14/23
 26176 | Orc:2    | Found a staircase to the Elven Halls.
 26195 | Orc:2    | Received a gift from Okawaru
 26391 | Orc:2    | Found Ganuotyt's Armour Boutique.
 26391 | Orc:2    | Found Soda's Book Boutique.
 26392 | Orc:2    | Found Faumnide's Assorted Antiques.
 26396 | Orc:2    | Found Ramuethroes's Weapon Shop.
 26401 | Orc:2    | Bought a scroll of teleportation for 75 gold pieces
 26401 | Orc:2    | Bought a potion of invisibility for 200 gold pieces
 26775 | Spider:1 | Entered Level 1 of the Spider Nest
 26847 | Spider:1 | Noticed Agnes
 26863 | Spider:1 | Killed Agnes
 27239 | Spider:1 | Reached skill level 10 in Armour
 27279 | Spider:1 | Identified the serpent talisman "Faib" {rElec Int+3 Dex-2}
 27279 | Spider:1 | Noticed Aizul
 27295 | Spider:1 | Killed Aizul
 27423 | Spider:1 | Reached skill level 5 in Dodging
 29229 | Spider:2 | Received a gift from Okawaru
 30169 | Spider:2 | Received a gift from Okawaru
 30467 | Arena    | Entered the Arena
 30507 | Spider:3 | Gained mutation: When hurt, damage is shared between your
                  | health and your magic reserves. [demonic ancestry]
 30507 | Spider:3 | Reached XP level 17. HP: 62/139 MP: 21/24
 30767 | Spider:3 | Reached skill level 10 in Shields
 31601 | Spider:4 | Entered Level 4 of the Spider Nest
 31796 | Spider:4 | Received a gift from Okawaru
 32002 | Spider:4 | Reached skill level 5 in Evocations
 32388 | Spider:4 | Reached ****** piety under Okawaru
 32403 | Spider:3 | Acquired a +1 broad axe of freezing
 32403 | Spider:3 | Received a gift from Okawaru
 32405 | Spider:3 | Acquired the +7 Kryia's mail coat {PotionHeal*2 rC+}
 32405 | Spider:3 | Received a gift from Okawaru
 32405 | Spider:3 | Found the +7 Kryia's mail coat {PotionHeal*2 rC+}
 32654 | Spider:4 | Found a runed translucent gate.
 32654 | Spider:4 | Found a runed translucent gate.
 32654 | Spider:4 | Found a runed translucent gate.
 32654 | Spider:4 | Noticed Lennaol's ghost (adept HuFE)
 32654 | Spider:4 | Noticed Ihilaj's ghost (adept MfSu)
 32655 | Spider:4 | Noticed Nuutul's ghost (adept SpEn)
 32656 | Spider:4 | Noticed mojasp's ghost (adept FoHu)
 32821 | Spider:4 | Reached skill level 15 in Fighting
 33402 | Spider:4 | Received a gift from Okawaru
 33444 | Spider:4 | Got a gossamer rune of Zot
 33639 | Spider:4 | Killed Lennaol's ghost
 33656 | Spider:4 | Noticed a sphinx
 33660 | Spider:4 | Killed Ihilaj's ghost
 33684 | Spider:4 | Killed mojasp's ghost
 33692 | Spider:4 | Killed Nuutul's ghost
 33710 | Spider:4 | Identified the +2 hat of Ukhlif {rCorr}
 33986 | Vaults:1 | Entered Level 1 of the Vaults
 34133 | Vaults:1 | Gained mutation: You are surrounded by a strong repulsion
                  | field. (EV +4, RMsl) [demonic ancestry]
 34133 | Vaults:1 | Reached XP level 18. HP: 148/153 MP: 27/27
 34673 | Vaults:1 | Received a gift from Okawaru
 35136 | Vaults:2 | Identified the +5 morningstar "Joih Eri" {freeze, +Blink
                  | Str+3}
 35400 | Vaults:2 | Received a gift from Okawaru
 35996 | Vaults:2 | Received a gift from Okawaru
 36031 | Vaults:2 | Reached XP level 19. HP: 159/161 MP: 28/28
 36471 | Vaults:3 | Reached skill level 15 in Armour
 36988 | Vaults:3 | Received a gift from Okawaru
 37356 | Vaults:3 | Found a staircase to the Crypt.
 37935 | Vaults:4 | Mangled by a war gargoyle

Illustrated notes

Levels and vault maps discovered:
D:1:      dpeg_arrival_simpleton_c, layout_rooms, patterned_corridor
D:2:      layout_basic, nicolae_ecumenical_oubliette, uniq_terence
D:3:      layout_basic
D:4:      layout_cave_pools, tgw_fedhas, minmay_temple_entry_statues_pillars,
          due_unseen_surprise
D:5:      layout_cave_pools, serial_shops, shop, minmay_small_thing,
          uniq_sigmund, uniq_pikel
D:6:      layout_cave_pools
D:7:      layout_basic, dk_yredelemnul_ordeal, amcnicky_altar_gilded,
          gammafunk_ghost_hive, nrook_mini_backslash, eino_jars
D:8:      layout_basic, gammafunk_temple_overflow_wave, nicolae_shop_vocational,
          uniq_grum
D:9:      layout_basic, lair_entry_dummy, nzn_ghost_randoct, minmay_starry_boxes
D:10:     layout_roguey, hiddenorc1_lemuel, dk_rats_in_the_wall, uniq_urug,
          uniq_gastronok
D:11:     layout_long_grid, gammafunk_ghost_split,
          nemelex_xobeh_ov_fountains_minmay, uniq_harold
D:12:     layout_gridville, serial_shops, nicolae_shop_peninsula, serial_ice,
          serial_ice_h, serial_ice_f, serial_ice_l, serial_ice_b,
          portal_ice_cave_entry_animals_and_master, special_room
          [special_room_orc], uniq_nergalle, uniq_erolcha, uniq_josephine
D:13:     layout_roguey, david_vaults_4, gauntlet_entry_generic
D:14:     kennysheep_funnel, layout_loops_corners, nicolae_uskayaw_dance_hall,
          serial_shops, shop, shop, lightli_church_of_beogh
D:15:     grunt_enter_depths_hoard, layout_rooms
Temple:   bh_familiar_temple
Lair:1:   layout_layer_cave
Lair:2:   layout_loops_ring, elwin_shoals_entry_stream,
          nicolae_spider_entry_lesser_pyramids, grunt_megastairs_2
Lair:3:   layout_chaotic_city
Lair:4:   layout_gridlike
Lair:5:   evilmike_catoblepas_cave, layout_cave_pods, slime_entry_1,
          serial_bayou_pond_c, serial_bayou_pond_b, st_stairs_6
Spider:1: layout_spider_delve, hangedman_spider_tarantella_strand, uniq_aizul,
          uniq_agnes
Spider:2: layout_spider_delve, guppyfry_spider_mini_2
Spider:3: layout_spider_delve
Spider:4: floodkiller_spider_rune_tomb, gammafunk_ghost_cemetery
Orc:1:    dreamdust_dug_too_deep, layout_caves, lemuel_statue_altar
Orc:2:    st_orc_mages, layout_diamond_mine, serial_shops, shop,
          einodemon_barbed_minivault
Vaults:1: vaults_room_fours, nicolae_vaults_twisting_passages,
          nicolae_vaults_wine_cellar, nicolae_vaults_ring_of_whatevers,
          nicolae_vaults_asterisk, nicolae_vaults_an_arrangement,
          grunt_vaults_hallway_short, hangedman_vaults_stagger,
          ontoclasm_vaults_claustrophobia, nicolae_vaults_octothorpe,
          nicolae_vaults_cornered_office, ontoclasm_vaults_gateway,
          layout_vaults_big_room
Vaults:2: nicolae_vaults_windows_and_doors_thing, v_misc_13,
          nicolae_vaults_tetromino_L_1, v_misc_1,
          nicolae_vaults_little_squares_2, nicolae_vaults_double_plus_3,
          nicolae_vaults_closet_pinwheel_2, vaults_mumra_minichess, st_cells,
          ontoclasm_vaults_fault, nicolae_vaults_closet_pinwheel_4,
          layout_vaults_ring
Vaults:3: v_pattern_5, nicolae_vaults_border_crossing,
          vaults_standard_mumra_lines, v_misc_27,
          nicolae_vaults_trapezoid_lopsided_2, nicolae_vaults_turnstiles,
          nicolae_vaults_bisected_slash, blue_anna_dwarven_crypt, v_misc_26,
          nicolae_vaults_crenellated_ambush, layout_vaults_quadrants
Vaults:4: hangedman_vaults_snaps, nicolae_vaults_network_quinsquares
          [nicolae_vaults_network_quincunx_subvault,
          nicolae_vaults_network_quincunx_subvault,
          nicolae_vaults_network_quincunx_subvault,
          nicolae_vaults_network_quincunx_subvault], v_rooms_6,
          nicolae_vaults_arrows, vaults_room_stairs_pillars,
          nicolae_vaults_inception_network, hangedman_vaults_locks,
          vaults_room_boxed, nicolae_vaults_trapezoid_4, vaults_dpeg_doors,
          nicolae_vaults_diamond_2, vaults_room_stairs_pillars,
          vaults_room_hallway, nicolae_vaults_apartment_1, layout_vaults_omnibox

Skill      XL: |  1  2  3  4  5  6  7  8  9 10 11 12 13 14 15 16 17 18 19 |
---------------+----------------------------------------------------------+-----
Axes           | 2 3 4 5 6 8 10 12 14 15 16 18 20 | 20.0
Throwing       | 1 |  1.0
Fighting       | 4 5 6 10 14 16 17 | 17.0
Invocations    | 2 3 4 5 8 10 12 | 12.0
Evocations     | 3 5 |  5.0
Armour         | 6 8 10 14 15 | 15.0
Shields        | 4 5 9 10 12 | 12.9
Dodging        | 6 |  6.0
Stealth        | |  4.5

Action                     |  1- 3 |  4- 6 |  7- 9 | 10-12 | 13-15 | 16-18 | 19-21 || total
---------------------------+-------+-------+-------+-------+-------+-------+-------++-------
  Melee: Rapier            |    68 |    71 |       |       |       |       |       ||   139
         Hand axe          |    13 |       |       |       |       |       |       ||    13
         Kick              |    13 |    29 |    50 |   160 |   489 |   469 |   116 ||  1326
         War axe           |       |    55 |   188 |   468 |  1039 |       |       ||  1750
         Morningstar       |       |       |       |       |    24 |       |       ||    24
         Broad axe         |       |       |       |       |    46 |  1057 |   218 ||  1321
  Throw: Dart              |       |     5 |     3 |     2 |       |       |       ||    10
 Invoke: Heroism           |       |       |     4 |    27 |    30 |    11 |     1 ||    73
         Finesse           |       |       |       |     7 |     8 |     6 |       ||    21
         Duel              |       |       |       |     1 |       |     1 |       ||     2
         Receive Weapon    |       |       |       |       |       |     1 |       ||     1
         Receive Armour    |       |       |       |       |       |     1 |       ||     1
  Evoke: Wand              |       |     1 |       |     7 |     4 |     2 |       ||    14
    Use: Potion            |     2 |     1 |     3 |     1 |     3 |     2 |       ||    12
         Scroll            |     1 |     5 |       |    18 |     9 |    13 |       ||    46
   Stab: Sleeping          |     2 |       |       |       |     2 |     3 |       ||     7
         Distracted        |       |       |       |     1 |     3 |    29 |     9 ||    42
         Petrified         |       |       |       |       |     5 |       |       ||     5
         Petrifying        |       |       |       |       |     1 |       |       ||     1
 Armour: Leather armour    |    46 |       |       |       |       |       |       ||    46
         Chain mail        |    13 |   103 |   119 |   111 |       |       |       ||   346
         Ring mail         |       |       |       |    40 |       |       |       ||    40
         Plate armour      |       |       |       |    72 |    14 |       |       ||    86
         Swamp dragon scal |       |       |       |       |   669 |   303 |       ||   972
         Scale mail        |       |       |       |       |       |   232 |   109 ||   341
  Dodge: Dodged            |    43 |    41 |   155 |   208 |   324 |   309 |    45 ||  1125
         Repelled          |       |       |       |       |       |    11 |     1 ||    12
  Block: Other             |       |    10 |    20 |    10 |       |       |       ||    40
         Kite shield       |       |       |       |    33 |       |       |       ||    33
         Tower shield      |       |       |       |   327 |  1170 |  1134 |   185 ||  2816

Table legend: (Time is in decaauts)
 A = Elapsed time spent in this place.
 B = Non-inter-level travel time spent in this place.
 C = Inter-level travel time spent in this place.
 D = Time resting spent in this place.
 E = Time spent auto-exploring this place.
 F = Levels seen in this place.
 G = Mean time per level.
                   A        B        C        D        E       F      G
               +--------+--------+--------+--------+--------+-----+--------+
         Total |  37882 |  35725 |   2157 |   6881 |  21532 |  34 | 1114.2 |
       Dungeon |  17475 |  16269 |   1206 |   3245 |   9587 |  15 | 1165.0 |
        Temple |     36 |     21 |     15 |      0 |      0 |   1 |   36.0 |
          Lair |   6904 |   6396 |    508 |   1009 |   4403 |   5 | 1380.8 |
   Spider Nest |   6443 |   6283 |    160 |   2085 |   2798 |   4 | 1610.8 |
  Orcish Mines |   2613 |   2425 |    188 |    269 |   1813 |   2 | 1306.5 |
        Vaults |   3895 |   3817 |     78 |    167 |   2790 |   4 |  973.8 |
      Gauntlet |    485 |    485 |      0 |     90 |    141 |   1 |  485.0 |
         Arena |     27 |     27 |      0 |     15 |      0 |   2 |   13.5 |
               +--------+--------+--------+--------+--------+-----+--------+

Top non-repeatable levels by time:
  Lair:5: 2036 daAuts
Spider:3: 1817 daAuts
    D:14: 1778 daAuts
    D:12: 1755 daAuts
   Orc:2: 1751 daAuts
  Lair:2: 1746 daAuts
Spider:1: 1677 daAuts
Spider:4: 1529 daAuts
    D:11: 1486 daAuts
Vaults:3: 1467 daAuts
  Lair:1: 1452 daAuts
Spider:2: 1418 daAuts
Vaults:2: 1329 daAuts
     D:9: 1312 daAuts
     D:4: 1298 daAuts
